Map: Shrines of Lizul

Players

MonstroTown - Winner!

  • Race: Terran Terran
  • Spawn Location: 12:00

Michael - Winner!

  • Race: Zerg Zerg
  • League: Gold
  • Spawn Location: 3:00

pelletier

  • Race: Terran Terran
  • League: Platinum
  • Spawn Location: 9:00

Tyrii

  • Race: Zerg Zerg
  • League: Diamond
  • Spawn Location: 6:00

VOD

Have the link to the VOD?

Description

Time

  • Played on: Sept. 25, 2018, 7:16 p.m.
  • Length: 5:01
Show
View Real Time Build Order
Export as new Build Order

MonstroTown Terran - Winner!

Build Orders:  

Get SALT Encoding   

  12  0:01  SCV  
  13  0:13  SCV  
  14  0:18  Supply Depot  
  14  0:25  SCV  
  15  0:40  SCV  
  15  0:42  Barracks  
  16  0:52  SCV  
  17  1:02  Barracks  
  17  1:04  SCV  
  18  1:21  Supply Depot  
  18  1:26  Barracks  
  18  1:37  Barracks  
  18  1:39  Marine  
  19  1:47  Bunker  
  19  1:49  Marine  
  20  1:59  Marine  
  21  2:07  Marine  
  22  2:11  Orbital Command  
  22  2:15  Marine  
  23  2:16  Marine  
  24  2:25  Marine  
  24  2:27  Marine  
  26  2:32  Refinery  
  26  2:33  Marine  
  27  2:37  SCV  
  28  3:01  Marine x3  
  31  3:07  Supply Depot x2, Marine  
  31  3:11  SCV  
  33  3:19  Marine  
  34  3:30  Marine x3  
  36  3:41  Marine  
  37  3:46  Supply Depot  
  37  3:48  Marine x2  
  37  4:05  Marine x3  
  37  4:06  Marine  
  38  4:12  Factory  
  38  4:16  Engineering Bay  
  36  4:35  Marine x2  
  36  4:36  Marine x2  
Show
View Real Time Build Order
Export as new Build Order

Michael Zerg - Winner!

Build Orders: Pool First 

Get SALT Encoding   

  12  0:01  Drone  
  13  0:12  Overlord  
  13  0:17  Drone  
  14  0:31  Drone x2  
  14  0:34  Drone  
  17  0:39  Extractor  
  16  0:45  Drone  
  17  0:53  Spawning Pool  
  17  0:56  Drone  
  17  1:06  Drone  
  18  1:21  Drone  
  19  1:31  Drone  
  20  1:33  Hatchery  
  20  1:38  Overlord  
  19  1:49  Metabolic Boost  
  19  1:56  Queen  
  21  2:01  Zergling x2  
  21  2:03  Zergling x2  
  23  2:11  Zergling x2  
  24  2:17  Roach Warren  
  23  2:23  Zergling x2  
  24  2:34  Queen  
  26  2:38  Overlord  
  26  3:02  Zergling x2  
  26  3:03  Zergling x6  
  30  3:05  Queen  
  30  3:07  Drone  
  33  3:19  Zergling x6  
  32  3:27  Zergling x2  
  32  3:28  Zergling x2  
  32  3:32  Zergling x4  
  35  3:42  Zergling x2  
  35  3:43  Zergling x4  
  35  3:48  Zergling x2  
  39  3:56  Queen  
  36  4:07  Zergling x6  
  38  4:11  Zergling x2  
  38  4:12  Zergling x2  
  39  4:26  Zergling x6  
  39  4:27  Zergling x2  
Show
View Real Time Build Order
Export as new Build Order

pelletier Terran 

Build Orders:  

Get SALT Encoding   

  12  0:01  SCV  
  13  0:14  SCV  
  13  0:19  Supply Depot  
  14  0:27  SCV  
  15  0:40  SCV  
  15  0:41  Barracks  
  16  0:48  Refinery  
  16  0:52  SCV  
  17  1:05  SCV  
  18  1:17  SCV  
  19  1:29  Orbital Command  
  19  1:37  Barracks Reactor  
  19  1:44  Command Center  
  19  1:54  SCV  
  19  1:59  Barracks  
  20  2:14  Supply Depot  
  20  2:26  Marine x2  
  22  2:32  Engineering Bay  
  22  2:35  SCV  
  23  2:43  Barracks  
  23  2:47  SCV  
  23  3:01  Marine x2  
  23  3:03  Barracks Tech Lab  
  25  3:17  Refinery  
  25  3:19  Marine x2  
  27  3:20  Factory  
  27  3:21  Marine  
  28  3:27  Bunker  
  28  3:36  Marine x2  
  28  3:39  Marine  
  31  4:04  Marine  
  31  4:08  Marine x2  
  27  4:10  Barracks Reactor  
  27  4:12  Factory Tech Lab  
  26  4:22  Marine  
  25  4:26  Marine x2  
  24  4:39  Marine  
Show
View Real Time Build Order
Export as new Build Order

Tyrii Zerg 

Build Orders: Pool First 

Get SALT Encoding   

  12  0:06  Drone  
  13  0:13  Overlord  
  13  0:18  Drone  
  14  0:31  Drone x2  
  16  0:40  Drone  
  16  0:41  Extractor  
  16  0:48  Spawning Pool  
  15  0:55  Drone  
  16  1:05  Drone  
  17  1:24  Drone  
  18  1:25  Overlord  
  18  1:40  Queen  
  18  1:41  Metabolic Boost  
  18  1:43  Drone  
  21  2:03  Hatchery  
  20  2:10  Zergling x4  
  22  2:22  Zergling x2  
  23  2:27  Drone  
  24  2:39  Drone  
  24  2:40  Queen  
  24  2:44  Zergling x2  
  28  2:49  Zergling x2  
  28  2:50  Zergling x2  
  30  2:52  Overlord  
  29  3:00  Zergling x2  
  30  3:12  Zergling x2  
  30  3:17  Baneling Nest  
  24  3:27  Zergling x6  
  27  3:40  Zergling x6  
  1  4:03  Zergling x2  
  1  4:04  Zergling x8  
  5  4:12  Zergling x6  
Tags
 
Add a new tag
Caveats
  • Supply blocks, unpowered buildings, or Contaminate may cause inaccurate times.
  • Supply counts are checked every 10 seconds.